 Dungeon Crawl Stone Soup version 0.31.0-32-g396128a36d (webtiles) character file.

Game seed: 15434475053256604800

2348 601d51SH the Blocker (level 9, -9/74 HPs)
             Began as a Gnoll Fighter on Mar 31, 2024.
             Killed from afar by a kobold brigand (11 damage)
             ... with a bolt of dispelling energy
             ... on level 7 of the Dungeon.
             The game lasted 00:11:47 (6226 turns).

601d51SH the Blocker (Gnoll Fighter)                Turns: 6226, Time: 00:11:48

Health: -9/74      AC: 16    Str: 19    XL:     9   Next: 43%
Magic:  15/15      EV: 12    Int:  9    God:
Gold:   154        SH:  5    Dex: 11    Spells: 16/16 levels left

rFire   . . .        a - +1 war axe
rCold   . . .        c - +0 buckler
rNeg    . . .        K - +4 ring mail
rPois   .            (no helmet)
rElec   .            y - +0 cloak
rCorr   .            r - +2 pair of gloves
SInv    .            p - +0 pair of boots
Will    .....        z - amulet of regeneration
Stlth   ++           (no ring)
HPRegen 1.12/turn    (no ring)
MPRegen 0.14/turn

%: no passive effects
@: studying Polearms
A: fangs 1, strong nose, distributed training
a: no special abilities


You were on level 7 of the Dungeon.
You visited 2 branches of the dungeon, and saw 8 of its levels.

You collected 390 gold pieces.
You spent 236 gold pieces at shops.

Inventory:

Hand Weapons
 a - a +1 war axe (weapon)
 G - a +1 vampiric dagger
 H - a +1 hand axe of electrocution
Missiles
 i - 19 poisoned darts (quivered)
 F - 5 atropa-tipped darts
Armour
 b - a +0 scale mail
 c - a +0 buckler (worn)
 f - a +0 plate armour
 p - a +0 pair of boots (worn)
 r - a +2 pair of gloves (worn)
 w - an orb of wrath
 y - a +0 cloak (worn)
 K - a +4 ring mail (worn)
Jewellery
 k - an amulet of the acrobat
 z - an amulet of regeneration (around neck)
 E - an amulet of guardian spirit
Wands
 x - a wand of mindburst (15)
 A - a wand of quicksilver (12)
 D - a wand of flame (19)
Scrolls
 h - 2 scrolls of fear
 j - 3 scrolls of noise
 l - 3 scrolls of fog
 m - a scroll of revelation
 n - a scroll of blinking {unknown}
 s - 3 scrolls of teleportation
 t - 2 scrolls of vulnerability {unknown}
 v - a scroll of brand weapon {unknown}
 B - a scroll of immolation
 C - 3 scrolls of amnesia {unknown}
 I - 4 scrolls of torment {unknown}
 J - a scroll of identify
Potions
 d - 2 potions of might
 e - 2 potions of degeneration
 g - 2 potions of lignification {unknown}
 o - 3 potions of heal wounds
 q - 2 potions of ambrosia
 u - a potion of brilliance
 L - a potion of cancellation {unknown}


   Skills:
 + Level 8.0 Fighting
 + Level 4.4 Short Blades
 + Level 4.4 Long Blades
 + Level 6.4 Axes
 + Level 4.4 Maces & Flails
 + Level 5.6 Polearms
 + Level 4.4 Staves
 + Level 4.4 Ranged Weapons
 + Level 4.4 Throwing
 + Level 8.0 Armour
 + Level 4.4 Dodging
 + Level 4.4 Stealth
 + Level 8.0 Shields
 + Level 4.4 Unarmed Combat
 + Level 4.4 Spellcasting
 + Level 3.6 Conjurations
 + Level 3.6 Hexes
 + Level 3.6 Summonings
 + Level 3.6 Necromancy
 + Level 3.6 Translocations
 + Level 3.6 Fire Magic
 + Level 3.6 Ice Magic
 + Level 3.6 Air Magic
 + Level 3.6 Earth Magic
 + Level 3.6 Alchemy
 + Level 4.8 Invocations
 + Level 4.4 Evocations
 + Level 4.0 Shapeshifting


You had 16 spell levels left.
You didn't know any spells.
Your spell library contained the following spells:

 Spells                   Type           Power      Damage    Failure   Level
 Sandblast                Erth           16%        2d6       12%         1
 Dazzling Flash           Conj/Hex       16%        N/A       34%         3
 Passwall                 Erth           8%         N/A       34%         3
 Stone Arrow              Conj/Erth      16%        3d8       34%         3
 Volatile Blastmotes      Fire/Tloc      16%        2d11      34%         3
 Brom's Barrelling Bould  Conj/Erth      8%         2d3       75%         4
 Leda's Liquefaction      Alch/Erth      4%         N/A       75%         4
 Lee's Rapid Deconstruct  Erth           4%         3d5*      97%         5
 Bombard                  Conj/Erth      4%         9d2       100%        6
 Starburst                Conj/Fire      4%         6d3       100%        6
 Maxwell's Capacitive Co  Air            4%         ∞         100%        8


Dungeon Overview and Level Annotations

Branches:
Dungeon (7/15)             Temple (1/1) D:4

Altars:
Cheibriados
Elyvilon
Fedhas
Gozag
Hepliaklqana
Kikubaaqudgha
Makhleb
Nemelex Xobeh
Okawaru
Qazlal
Ru
Trog
Uskayaw
Vehumet
Wu Jian
Zin
The Shining One

Shops:
D:5 :=:?(   D:7 [


Innate Abilities, Weirdness & Mutations

You have very sharp teeth.
Your uncanny sense of smell can sniff out nearby items.
Your experience applies equally to all skills.


Message History

You barely miss the kobold brigand. The kobold hits you but does no damage.
The kobold brigand barely misses you. The kobold hits you but does no damage.
You slash the kobold!
You kill the kobold!
You closely miss the kobold brigand.
The kobold brigand hits you with a +0 dagger.
The kobold brigand misses you.
A kobold comes into view. It is wielding a +0 dagger.
The kobold shouts!
The kobold brigand hits you with a +0 dagger.
Things that are here:
a +0 club; 5 stones; a bullfrog corpse The kobold brigand zaps a wand.
The bolt of dispelling energy hits you!!
The kobold brigand closely misses you.
You closely miss the kobold brigand. Your bite misses the kobold brigand.
The kobold brigand is severely wounded.
The kobold brigand zaps a wand.
The bolt of dispelling energy hits you!
* * * LOW HITPOINT WARNING * * *
You closely miss the kobold brigand.
The kobold brigand is severely wounded.
You block the kobold brigand's attack.
You completely miss the kobold brigand.
You bite the kobold brigand, but do no damage.
The kobold brigand is severely wounded.
You barely miss the kobold. The kobold hits you but does no damage.
You block the kobold brigand's attack.
You hit the kobold brigand but do no damage.
The kobold brigand is severely wounded.
You hit the kobold but do no damage. The kobold hits you but does no damage.
The kobold brigand barely misses you. The kobold hits you but does no damage.
You barely miss the kobold brigand.
The kobold brigand is severely wounded.
You closely miss the kobold. You completely miss the sky beast.
The sky beast hits you but does no damage.
The kobold brigand zaps a wand.
The bolt of dispelling energy hits you!
* * * LOW HITPOINT WARNING * * *
You block the kobold's attack. The sky beast misses you.
The kobold brigand zaps a wand.
The bolt of dispelling energy hits you!
You die...

#.........#
..P.......
#####....##
..§.§.§#. ##.#.##
.§§.§§§.. #.#..###
##........
#.##...####..)..§...
#.####....#..)..#
#.# ####.#.....##.
#.. #K)K........ ##.
#.@Y...##... .
#####.## .. ..# .
#.# .. .##


You could see a sky beast, a kobold brigand and a kobold.

Vanquished Creatures
  Pikel (D:6)
  The ghost of asasucksnuts the Chopper, an amateur MiMo of Zin (D:4)
  Sigmund (D:5)
  Menkaure (D:5)
  A black bear (D:5)
  An orc warrior (D:7)
  An ogre (D:6)
  A centaur (D:7)
  A phantom (D:7)
  A gnoll sergeant (D:7)
  2 bullfrogs
  A scorpion (D:6)
  A howler monkey (D:5)
  A hound (D:5)
  A jelly (D:6)
  2 gnoll boudas
  3 orc priests
  An iguana (D:6)
  Terence (D:2)
  2 sleepcaps (D:5)
  Natasha (thrice) (D:4)
  2 orc wizards
  12 adders
  7 gnolls
  A white imp (D:5)
  A dart slug (D:2)
  2 ribbon worms (D:2)
  15 orcs
  5 ball pythons
  11 endoplasms
  3 giant cockroaches
  5 goblins
  4 hobgoblins
  A jackal (D:3)
  7 kobolds
  8 quokkas
  7 bats
  2 frilled lizards (D:2)
  5 rats
126 creatures vanquished.

Vanquished Creatures (others)
  A kobold (D:7)
1 creature vanquished.

Grand Total: 127 creatures vanquished

Notes
Turn   | Place    | Note
-------+----------+-------------------------------------------
     0 | D:1      | 601d51SH the Gnoll Fighter began the quest for the Orb.
     0 | D:1      | Reached XP level 1. HP: 23/23 MP: 1/1
   223 | D:1      | Reached XP level 2. HP: 29/29 MP: 2/2
   262 | D:1      | Found a faded altar of an unknown god.
   752 | D:2      | Reached XP level 3. HP: 31/35 MP: 3/3
   824 | D:2      | Noticed Terence
   840 | D:2      | Killed Terence
   841 | D:2      | Reached skill level 1 in Short Blades
   841 | D:2      | Reached skill level 1 in Long Blades
   841 | D:2      | Reached skill level 1 in Maces & Flails
   841 | D:2      | Reached skill level 1 in Polearms
   841 | D:2      | Reached skill level 1 in Staves
   841 | D:2      | Reached skill level 1 in Ranged Weapons
   841 | D:2      | Reached skill level 1 in Throwing
   841 | D:2      | Reached skill level 1 in Dodging
   841 | D:2      | Reached skill level 1 in Stealth
   841 | D:2      | Reached skill level 1 in Unarmed Combat
   841 | D:2      | Reached skill level 1 in Spellcasting
   841 | D:2      | Reached skill level 1 in Invocations
   841 | D:2      | Reached skill level 1 in Evocations
   917 | D:2      | Reached skill level 1 in Shapeshifting
   917 | D:2      | Reached XP level 4. HP: 41/41 MP: 5/5
  1169 | D:2      | Reached skill level 1 in Conjurations
  1169 | D:2      | Reached skill level 1 in Hexes
  1169 | D:2      | Reached skill level 1 in Summonings
  1169 | D:2      | Reached skill level 1 in Necromancy
  1169 | D:2      | Reached skill level 1 in Translocations
  1169 | D:2      | Reached skill level 1 in Fire Magic
  1169 | D:2      | Reached skill level 1 in Ice Magic
  1169 | D:2      | Reached skill level 1 in Air Magic
  1169 | D:2      | Reached skill level 1 in Earth Magic
  1169 | D:2      | Reached skill level 1 in Alchemy
  1379 | D:2      | Reached XP level 5. HP: 24/47 MP: 5/7
  1631 | D:3      | Found a sacrificial altar of Ru.
  2581 | D:4      | Noticed Natasha
  2582 | D:4      | Found a staircase to the Ecumenical Temple.
  2587 | D:4      | Killed Natasha
  2629 | Temple   | Entered the Ecumenical Temple
  2797 | D:4      | Reached XP level 6. HP: 42/53 MP: 8/8
  2845 | D:4      | Noticed Natasha
  2846 | D:4      | Found a large runed translucent door.
  2846 | D:4      | Found a large runed translucent door.
  2847 | D:4      | Noticed asasucksnuts's ghost (amateur MiMo)
  2851 | D:4      | Killed Natasha
  2889 | D:4      | Killed asasucksnuts's ghost
  2890 | D:4      | Reached skill level 5 in Axes
  2890 | D:4      | Reached XP level 7. HP: 26/60 MP: 8/10
  3537 | D:4      | Noticed Natasha
  3542 | D:4      | Killed Natasha
  3607 | D:5      | Entered Level 5 of the Dungeon
  3607 | D:5      | Found Haheab's Jewellery Shoppe.
  3609 | D:5      | Found Bywow's Book Emporium.
  3916 | D:5      | Found Acirr's Magic Scroll Shoppe.
  3922 | D:5      | Bought a scroll of enchant weapon for 82 gold pieces
  3922 | D:5      | Bought a scroll of teleportation for 33 gold pieces
  3922 | D:5      | Bought a scroll of noise for 11 gold pieces
  3922 | D:5      | Bought a scroll of identify for 22 gold pieces
  3922 | D:5      | Bought a scroll of fog for 44 gold pieces
  3922 | D:5      | Bought a scroll of immolation for 44 gold pieces
  4019 | D:5      | Found Itzeemij's Weapon Shoppe.
  4077 | D:5      | Noticed Sigmund
  4110 | D:5      | Killed Sigmund
  4111 | D:5      | Reached XP level 8. HP: 48/67 MP: 12/12
  4164 | D:5      | Noticed Menkaure
  4171 | D:5      | Killed Menkaure
  4284 | D:5      | Found a burning altar of Makhleb.
  4425 | D:5      | Found Kiexi's Book Boutique.
  4810 | D:6      | Found a snail-covered altar of Cheibriados.
  5140 | D:6      | Found an ornate altar of the Wu Jian Council.
  5386 | D:6      | Noticed Pikel
  5401 | D:6      | Killed Pikel
  5402 | D:6      | Reached skill level 5 in Polearms
  5402 | D:6      | Reached XP level 9. HP: 52/74 MP: 13/15
  5967 | D:7      | Found Cheibriados's Comfort Zone.
  5967 | D:7      | Found a snail-covered altar of Cheibriados.
  5983 | D:7      | Found a glowing silver altar of Zin.
  6198 | D:7      | Found a hazy altar of Hepliaklqana.
  6226 | D:7      | HP: 2/74 [kobold brigand/bolt of dispelling energy (15)]
  6226 | D:7      | Killed from afar by a kobold brigand

Illustrated notes

Levels and vault maps discovered:
D:1:      saegor_arrival_simple_d, layout_loops_ring,
          hellmonk_ecumenical_altar_lost_god
D:2:      layout_rooms, kennysheep_generic_room_12, uniq_terence
D:3:      layout_basic, nicolae_ru_the_path_less_chosen,
          minmay_large_rounded_square, minmay_vboxes
D:4:      layout_rooms, minmay_temple_entry_trees, ebering_ghost_disaster_area,
          uniq_natasha
D:5:      layout_basic, mainiacjoe_overflow_surrounded_room, serial_shops, shop,
          kennysheep_mini_moat, nicolae_shop_rolling_square, nicolae_shop_stone,
          shop, minmay_manual_monolith, uniq_sigmund, uniq_menkaure
D:6:      layout_basic, nicolae_wu_jian_wuxing_cycle,
          mainiacjoe_overflow_alcove_1, patterned_corridor, uniq_pikel
D:7:      layout_rooms, yredelemnul_altar_generic, pf_just_have_faith,
          nicolae_hepliaklqana_hazy_memory, nicolae_dithmenos_shadow_blocks,
          minmay_shop_chei, nicolae_houndstooth_variations
Temple:   hellmonk_temple_of_storms

Skill      XL: |  1  2  3  4  5  6  7  8  9 |
---------------+----------------------------+-----
Short Blades   | 1 2 3 4 |  4.4
Long Blades    | 1 2 3 4 |  4.4
Maces & Flails | 1 2 3 4 |  4.4
Polearms       | 1 2 3 5 |  5.6
Staves         | 1 2 3 4 |  4.4
Ranged Weapons | 1 2 3 4 |  4.4
Throwing       | 1 2 3 4 |  4.4
Dodging        | 1 2 3 4 |  4.4
Stealth        | 1 2 3 4 |  4.4
Unarmed Combat | 1 2 3 4 |  4.4
Spellcasting   | 1 2 3 4 |  4.4
Invocations    | 1 2 3 4 |  4.8
Evocations     | 1 2 3 4 |  4.4
Shapeshifting  | 1 2 3 4 |  4.0
Conjurations   | 1 2 3 |  3.6
Hexes          | 1 2 3 |  3.6
Summonings     | 1 2 3 |  3.6
Necromancy     | 1 2 3 |  3.6
Translocations | 1 2 3 |  3.6
Fire Magic     | 1 2 3 |  3.6
Ice Magic      | 1 2 3 |  3.6
Air Magic      | 1 2 3 |  3.6
Earth Magic    | 1 2 3 |  3.6
Alchemy        | 1 2 3 |  3.6
Fighting       | 7 8 |  8.0
Axes           | 5 6 |  6.4
Armour         | 7 8 |  8.0
Shields        | 7 8 |  8.0

Action                     |  1- 3 |  4- 6 |  7- 9 || total
---------------------------+-------+-------+-------++-------
  Melee: War axe           |   103 |   149 |   265 ||   517
         Bite              |    10 |    14 |    30 ||    54
    Use: Scroll            |       |     1 |     7 ||     8
 Armour: Scale mail        |    25 |       |       ||    25
         Plate armour      |    38 |   122 |   212 ||   372
         Ring mail         |       |       |   117 ||   117
  Dodge: Dodged            |    34 |    33 |   140 ||   207
  Block: Buckler           |    21 |    38 |    93 ||   152
